 Dungeon Crawl Stone Soup version 0.24-a0-422-g9eff3895ba (webtiles) character file.

Game seed: 5204337932986542897

21245 kidcy the Severer (level 12, -1/110 HPs)
             Began as a Hill Orc Fighter on June 12, 2019.
             Was a High Priest of Makhleb.
             Succumbed to a black mamba's poison
             ... on level 6 of the Lair of Beasts.
             The game lasted 00:29:57 (11909 turns).

kidcy the Severer (Hill Orc Fighter)               Turns: 11909, Time: 00:29:57

Health: -1/110     AC: 14    Str: 20    XL:     12   Next: 88%
Magic:  19/19      EV:  5    Int:  8    God:    Makhleb [*****.]
Gold:   446        SH: 13    Dex: 14    Spells: 11/11 levels left

rFire    + . .     SeeInvis .   H - +3 broad axe (elec)
rCold    . . .     Gourm    .   c - +1 shield
rNeg     . . .     Faith    .   o - +0 plate armour
rPois    .         Spirit   .   (no helmet)
rElec    .         Reflect  .   (no cloak)
rCorr    .         Harm     .   (no gloves)
MR       +....                  (no boots)
Stlth    ..........             g - amulet of regeneration
HPRegen  0.68/turn              t - ring of protection from fire
MPRegen  0.16/turn              I - ring of protection from magic

@: lethally poisoned (-1 -> -6)
A: no striking features
a: Minor Destruction, Lesser Servant of Makhleb, Major Destruction, Greater
Servant of Makhleb, Renounce Religion


You were on level 6 of the Lair of Beasts.
You worshipped Makhleb.
Makhleb was extremely pleased with you.
You were not hungry.

You visited 2 branches of the dungeon, and saw 16 of its levels.
You also visited: Ossuary.

You collected 1007 gold pieces.
You spent 561 gold pieces at shops.

Inventory:

Hand Weapons
 i - the +5 battleaxe of Drought {drain, rElec Int+3 Stlth-}
   (You bought it in a shop on level 6 of the Dungeon)

   A truly terrible weapon, it drains the life of those it strikes.
   It affects your intelligence (+3).
   It insulates you from electricity.
   It makes you less stealthy.
 H - a +3 broad axe of electrocution (weapon)
Armour
 b - a +0 scale mail
 c - a +1 shield (worn)
 o - a +0 plate armour (worn)
Jewellery
 g - an amulet of regeneration (around neck)
 t - a ring of protection from fire (left hand)
 C - an uncursed amulet of the acrobat
 I - a ring of protection from magic (right hand)
Wands
 p - a wand of paralysis (8)
 u - a wand of random effects (53)
 z - a wand of polymorph (18)
 F - a wand of acid (12)
Scrolls
 a - a scroll of blinking
 d - a scroll of fear
 k - 5 scrolls of teleportation
 w - a scroll of vulnerability
 y - a scroll of enchant armour
 B - 5 scrolls of remove curse
 D - 6 scrolls of identify
 E - a scroll of fog
 L - a scroll of summoning
Potions
 e - a potion of cancellation
 h - 6 potions of curing
 j - a potion of magic {unknown}
 l - a potion of agility {unknown}
 m - 3 potions of ambrosia {unknown}
 n - a potion of berserk rage
 q - 7 potions of brilliance
 r - 5 potions of heal wounds
 s - 3 potions of lignification
 v - 2 potions of flight
 x - 2 potions of resistance
 G - a potion of mutation {unknown}
Comestibles
 f - 17 rations
 A - a chunk of flesh


   Skills:
 + Level 11.3 Fighting
 * Level 15.7 Axes
 + Level 10.3 Armour
 + Level 9.6 Shields
 - Level 9.8 Invocations


You had 11 spell levels left.
You didn't know any spells.
Your spell library contained the following spells:

 Spells                   Type           Power        Failure   Level  Hunger
 Confusing Touch          Hex            #.....       100%        1    ##.....
 Corona                   Hex            #......      100%        1    ##.....
 Slow                     Hex            #.......     100%        2    ###....
 Confuse                  Hex            #.......     100%        3    ####...
 Gell's Gravitas          Tloc           #.........   100%        3    ####...
 Inner Flame              Hex/Fire       #.......     100%        3    ####...
 Portal Projectile        Hex/Tloc       #.....       100%        3    ####...
 Cause Fear               Hex            #.........   100%        4    #####..
 Leda's Liquefaction      Hex/Erth       #.........   100%        4    #####..
 Petrify                  Tmut/Erth      #.......     100%        4    #####..
 Metabolic Englaciation   Hex/Ice        #.........   100%        5    ######.
 Yara's Violent Unravell  Hex/Tmut       #.........   100%        5    ######.


Dungeon Overview and Level Annotations

Branches:
Dungeon (11/15)            Temple (0/1) D:7            Lair (4/6) D:10
  Swamp (0/4) Lair:2        Snake (0/4) Lair:3
    Orc: D:9-12

Altars:
Dithmenos
Gozag
Makhleb
Ru
Trog
Vehumet
Wu Jian
Yredelemnul
Zin

Shops:
D:6 (   D:9 *   D:10 *!?}

Annotations:
D:3 Grinder
D:5 2 transporters
D:10 2 transporters, sking99's ghost, novice DrFE
Lair:2 exclusion: downstairs


Message History

You hit the black mamba.
The black mamba is severely wounded.
The black mamba bites you!
* * * LOW HITPOINT WARNING * * *
You are poisoned.
The black mamba poisons you!
Unknown command.
Okay, then.
Press: ? - help, Shift-Dir - straight line, f - black mamba
Aim: a black mamba (severely wounded)
The orb of electricity explodes!
The orb of electricity engulfs the black mamba.
The black mamba is almost dead.
The orb of electricity engulfs you!!
* * * LOW HITPOINT WARNING * * *
The orb of electricity engulfs the spiny frog.
The spiny frog is lightly wounded.
The orb of electricity engulfs the spiny frog.
The spiny frog is lightly wounded.
You die...

#..##..#.P
#..##..P..
#..P#.P...
##.y.......
#.F#.#.....
##)#.......
#$..#....P
###F....#.##
#@SF.######
###.....#
........
.........
##........
#.....D..
..PP###..
...#


You could see a five-headed hydra (wandering), a black mamba and 2 spiny frogs.

Vanquished Creatures
  Josephine (D:10)
  Harold (D:10)
  A death knight (D:11)
  A two-headed ogre (D:9)
  Nergalle (Lair:3)
  6 spiny frogs
  A torpor snail (Lair:3)
  3 komodo dragons
  A hornet (Lair:6)
  3 hippogriffs
  4 blink frogs (Lair:3)
  4 dream sheep (Lair:3)
  3 wraiths (D:10)
  2 basilisks
  33 yaks
  Grum (D:10)
  A steam dragon (D:8)
  2 nagas (Lair:3)
  A soldier ant (D:9)
  9 water moccasins
  4 orc warriors
  3 black bears
  3 ice beasts
  A sky beast (D:10)
  An eye of draining (D:10)
  2 wolves
  A phantom (D:6)
  8 ogres
  A centaur (D:6)
  9 crocodiles
  2 big kobolds (D:9)
  9 bullfrogs
  A gnoll sergeant (D:5)
  A scorpion (D:6)
  7 wights
  A howler monkey (D:4)
  5 electric eels
  2 centaur zombies
  7 crimson imps
  A jelly (D:8)
  3 orc wizards
  8 hounds
  A quasit (D:10)
  4 orc priests
  2 gnoll shamans
  A bullfrog skeleton (D:10)
  Ijyb (D:3)
  8 worker ants
  7 hell rats (Lair:1)
  A statue (D:4)
  A hound zombie (D:8)
  8 mummies (Ossuary)
  A worker ant zombie (D:10)
  A howler monkey zombie (D:9)
  19 gnolls
  A howler monkey skeleton (D:6)
  6 adders
  12 river rats (Lair:1)
  A shadow imp (D:6)
  2 adder skeletons
  2 adder zombies
  4 worms
  2 dart slugs (D:1)
  6 leopard geckos
  27 orcs
  2 ball pythons
  7 bats
  6 giant cockroaches
  8 goblins
  4 hobgoblins
  16 kobolds
  7 quokkas
  3 frilled lizards
  4 gnoll zombies
  2 hobgoblin zombies (Ossuary)
  3 kobold zombies (Ossuary)
  An orc zombie (Ossuary)
  2 quokka skeletons
  14 rats
  2 fungi
  2 plants
360 creatures vanquished.

Vanquished Creatures (others)
  3 fungi (Lair:2)
  3 plants (Lair:6)
6 creatures vanquished.

Grand Total: 366 creatures vanquished

Notes
Turn   | Place    | Note
-------+----------+-------------------------------------------
     0 | D:1      | kidcy the Hill Orc Fighter began the quest for the Orb.
     0 | D:1      | Reached XP level 1. HP: 19/19 MP: 1/1
   188 | D:1      | Reached skill level 3 in Axes
   208 | D:1      | Reached XP level 2. HP: 24/27 MP: 2/2
   519 | D:1      | Reached XP level 3. HP: 33/33 MP: 3/3
   911 | D:2      | Found an ornate altar of the Wu Jian Council.
  1384 | D:2      | Reached skill level 4 in Axes
  1401 | D:2      | Reached XP level 4. HP: 37/40 MP: 4/4
  1575 | D:2      | Found a shadowy altar of Dithmenos.
  1813 | D:3      | Noticed Ijyb
  1842 | D:3      | You fall into a shaft and drop 1 floor!
  1928 | D:3      | Killed Ijyb
  2068 | D:3      | Noticed Grinder
  2073 | D:3      | Paralysed by Grinder for 4 turns
  2180 | D:2      | Reached XP level 5. HP: 44/47 MP: 5/5
  2344 | D:4      | Found a sand-covered staircase.
  2353 | Ossuary  | Entered an ossuary
  2389 | Ossuary  | Reached skill level 5 in Axes
  2531 | Ossuary  | Reached XP level 6. HP: 49/53 MP: 6/6
  2767 | D:4      | Found a radiant altar of Vehumet.
  3077 | D:4      | Reached skill level 5 in Fighting
  3077 | D:4      | Reached skill level 6 in Axes
  3097 | D:4      | Found a sacrificial altar of Ru.
  3101 | D:4      | Reached XP level 7. HP: 34/61 MP: 7/7
  3621 | D:5      | Entered Level 5 of the Dungeon
  3635 | D:5      | Got a slimy quarterstaff
  3681 | D:5      | Found a transporter.
  3777 | D:5      | Reached skill level 5 in Armour
  3777 | D:5      | Reached skill level 5 in Shields
  3802 | D:5      | Reached skill level 7 in Axes
  3998 | D:5      | Found a transporter.
  4076 | D:5      | Found a bloodstained altar of Trog.
  4452 | D:5      | Reached XP level 8. HP: 70/70 MP: 8/8
  4466 | D:6      | Reached skill level 8 in Axes
  4788 | D:5      | Reached skill level 9 in Axes
  4891 | D:6      | Found a burning altar of Makhleb.
  4928 | D:6      | Became a worshipper of Makhleb the Destroyer
  5009 | D:6      | Reached XP level 9. HP: 33/78 MP: 9/9
  5114 | D:6      | Found a glowing silver altar of Zin.
  5373 | D:6      | Reached skill level 10 in Axes
  5759 | D:6      | Found Itu Reugg's Antique Weapon Shoppe.
  5765 | D:6      | Bought a polished battleaxe for 207 gold pieces
  5775 | D:6      | Identified the +5 battleaxe of Drought {drain, rElec Int+3
                  | Stlth-} (You bought it in a shop on level 6 of the Dungeon)
  6122 | D:7      | Found a staircase to the Ecumenical Temple.
  6228 | D:8      | Reached * piety under Makhleb
  6262 | D:8      | Found an opulent altar of Gozag.
  6357 | D:8      | Reached skill level 1 in Invocations
  6411 | D:8      | Reached skill level 11 in Axes
  6714 | D:8      | Found a basalt altar of Yredelemnul.
  6772 | D:9      | Reached XP level 10. HP: 70/88 MP: 12/12
  6905 | D:9      | Found Tuorrount's Changing Room.
  7046 | D:9      | Reached skill level 5 in Invocations
  7255 | D:9      | Reached skill level 12 in Axes
  7266 | D:9      | Found a shadowy altar of Dithmenos.
  7336 | D:9      | Noticed a two-headed ogre
  7548 | D:9      | Reached ** piety under Makhleb
  7716 | D:9      | Killed a two-headed ogre
  7739 | D:10     | Entered Level 10 of the Dungeon
  7739 | D:10     | Found Quijous's General Store.
  7746 | D:10     | Bought a scroll of identify for 24 gold pieces
  7746 | D:10     | Bought a +0 broad axe for 48 gold pieces
  7746 | D:10     | Bought a wand of acid (6) for 240 gold pieces
  7773 | D:10     | Found Rarch's Distillery.
  7818 | D:10     | Found Kuedol's Magic Scroll Emporium.
  7833 | D:10     | Bought a scroll of teleportation for 42 gold pieces
  7860 | D:10     | Noticed Grum
  7999 | D:10     | Killed Grum
  8035 | D:10     | Noticed Josephine
  8045 | D:10     | Killed Josephine
  8048 | D:10     | Reached XP level 11. HP: 97/97 MP: 16/16
  8096 | D:10     | Found a transporter.
  8100 | D:10     | Noticed sking99's ghost (novice DrFE)
  8101 | D:10     | Found a transporter.
  8121 | D:10     | Identified the +6 great mace of Loafutyc {pain, Int+4
                  | Dex+3}
  8121 | D:10     | Noticed a two-headed ogre
  8170 | D:10     | Reached skill level 13 in Axes
  8189 | D:10     | Noticed Harold
  8614 | D:10     | Found a staircase to the Lair.
  8715 | D:10     | Killed Harold
  8760 | D:10     | Found Obriblat's Gadget Shoppe.
  9157 | D:11     | Noticed a death knight
  9172 | D:11     | Killed a death knight
  9183 | Lair:1   | Entered Level 1 of the Lair of Beasts
  9453 | Lair:1   | Reached *** piety under Makhleb
  9516 | Lair:1   | Reached skill level 10 in Fighting
  9787 | Lair:1   | Reached skill level 14 in Axes
 10118 | Lair:2   | Reached XP level 12. HP: 101/106 MP: 19/19
 10121 | Lair:2   | Reached **** piety under Makhleb
 10331 | Lair:2   | Found a staircase to the Swamp.
 11063 | Lair:3   | Noticed Nergalle
 11080 | Lair:3   | Killed Nergalle
 11205 | Lair:3   | Reached skill level 15 in Axes
 11279 | Lair:3   | Found a staircase to the Snake Pit.
 11331 | Lair:3   | Reached skill level 10 in Armour
 11572 | Lair:3   | Reached ***** piety under Makhleb
 11852 | Lair:4   | You fall into a shaft and drop 2 floors!
 11852 | Lair:6   | Entered Level 6 of the Lair of Beasts
 11861 | Lair:6   | Noticed a death yak
 11862 | Lair:6   | Noticed a death yak
 11862 | Lair:6   | Noticed a death yak
 11862 | Lair:6   | Noticed a death yak
 11862 | Lair:6   | Noticed a death yak
 11863 | Lair:6   | Noticed a death yak
 11869 | Lair:6   | Noticed a five-headed hydra
 11869 | Lair:6   | Paralysed by a hornet for 3 turns
 11909 | Lair:6   | HP: 5/110 [shot self (23)]
 11909 | Lair:6   | Succumbed to a black mamba's poison

Levels and vault maps discovered:
D:1:      minmay_arrival_plants_in_alcoves, layout_loops_ring,
          minmay_misc_feat_four_crosses, kennysheep_nondescript, st_stairs_12,
          minmay_liquid_box, minmay_misc_feat_hallway,
          chequers_serial_rivers_small_b
D:2:      layout_loops_corners, overflow_temple_1_default, marbit_many_paths,
          first_ration, minmay_tetromino_s4
D:3:      layout_rooms, minmay_misc_feat_alley, uniq_grinder, uniq_ijyb
D:4:      layout_loops_corners, lemuel_coloured_pillars_altar, vehumet_statue,
          nicolae_ossuary_entry_ruins
D:5:      gammafunk_cloud_chamber, layout_basic, bloody_trog
D:6:      layout_gridville, lemuel_crystal_altar,
          nicolae_overflow_crystal_walls, serial_shops, shop
D:7:      layout_rooms, minmay_temple_entry_junction, grunt_ogre_cave
D:8:      layout_cave_pools, lemuel_zombie_altar_yredelemnul,
          grunt_gozag_statues, minivault_19
D:9:      layout_loops_ring, nicolae_transmutations_shop,
          grunt_dithmenos_smoke_and_mirrors
D:10:     minmay_inner_zag, layout_basic, lair_entry_dummy, serial_shops, shop,
          shop, shop, shop_statue, gammafunk_ghost_smash, uniq_josephine,
          uniq_grum, uniq_harold
D:11:     layout_layer_cave
Lair:1:   lemuel_ratsnest, layout_misc_corridors, infiniplex_staircase_pool_2,
          grunt_megastairs_4
Lair:2:   layout_loops_ring, minmay_swamp_entry_eels, lemuel_fruit_fields
Lair:3:   layout_gridlike, guppyfry_snake_entry_island, uniq_nergalle
Lair:4:   layout_gridlike, serial_bayou_pond_c, cheibrodos_lair_lostbears,
          serial_bayou_shore_a
Lair:6:   gammafunk_lair_ancient_temple, layout_regular_city, slime_altar_1,
          bobbens_ice_dragon_lair

Skill      XL: |  1  2  3  4  5  6  7  8  9 10 11 12 |
---------------+-------------------------------------+-----
Axes           | 3 4 5 6 7 9 11 12 14 15 | 15.7
Fighting       | 4 5 6 8 9 10 11 | 11.3
Armour         | 4 5 6 7 8 9 10 | 10.3
Shields        | 4 5 6 7 8 9 |  9.6
Invocations    | 3 7 9 |  9.8

Action                   |  1- 3 |  4- 6 |  7- 9 | 10-12 || total
-------------------------+-------+-------+-------+-------++-------
Melee: War axe           |   123 |   188 |   261 |       ||   572
       Battleaxe         |       |       |    80 |   102 ||   182
       Broad axe         |       |       |       |   550 ||   550
Invok: Major Destruction |       |       |       |     1 ||     1
Evoke: Wand              |       |       |       |    13 ||    13
  Use: Scroll            |       |     7 |     9 |    12 ||    28
       Potion            |       |     1 |     2 |     7 ||    10
 Stab: Paralysed         |       |       |       |     3 ||     3
  Eat: Ration            |     1 |     1 |     2 |     1 ||     5
       Chunk             |       |     1 |     5 |    14 ||    20
Armor: Scale mail        |    31 |       |       |       ||    31
       Plate armour      |    24 |   113 |   208 |   263 ||   608
Dodge: Dodged            |    36 |    21 |    72 |   102 ||   231
Block: Shield            |    69 |    75 |   141 |   313 ||   598

Table legend:
 A = Non-vault XP
 B = Vault XP
 C = Vault XP percentage of total XP
 D = Non-vault monster count
 E = Vault monster count
 F = Vault count percentage of total count
                 A         B        C        D         E       F
            +---------+---------+-------+---------+---------+-------
      Total |   23938 |    6413 |  21.1 |     278 |      78 |  21.9
            +---------+---------+-------+---------+---------+-------
        D:1 |      32 |       4 |  11.1 |      16 |       1 |   5.9
        D:2 |      47 |      17 |  26.6 |      17 |       3 |  15.0
        D:3 |      37 |      36 |  49.3 |      15 |       1 |   6.2
        D:4 |     415 |      32 |   7.2 |      19 |       1 |   5.0
        D:5 |     757 |       0 |   0.0 |      27 |       0 |   0.0
        D:6 |    1386 |       0 |   0.0 |      31 |       0 |   0.0
        D:7 |     460 |     116 |  20.1 |      11 |       1 |   8.3
        D:8 |    1038 |       3 |   0.3 |      13 |       2 |  13.3
        D:9 |    3010 |     115 |   3.7 |      38 |       1 |   2.6
       D:10 |    1180 |    3366 |  74.0 |      19 |       9 |  32.1
       D:11 |    1190 |       0 |   0.0 |       4 |       0 |   0.0
     Lair:1 |    3056 |     798 |  20.7 |      14 |      34 |  70.8
     Lair:2 |    3670 |     210 |   5.4 |      18 |       4 |  18.2
     Lair:3 |    7255 |    1115 |  13.3 |      33 |       3 |   8.3
     Lair:4 |      55 |       0 |   0.0 |       1 |       0 |   0.0
     Lair:6 |     350 |     445 |  56.0 |       2 |       2 |  50.0
    Ossuary |       0 |     156 | 100.0 |       0 |      16 | 100.0
            +---------+---------+-------+---------+---------+-------
